 Dungeon Crawl Stone Soup version 0.17-a0-1393-gcb420ff (webtiles) character file.

11110 bal the Nimble (level 11, 0/58 HPs)
             Began as a Vine Stalker Monk on June 15, 2015.
             Was a High Priest of Makhleb.
             Hit by a stone thrown by a skeletal warrior (13 damage)
             ... on level 11 of the Dungeon on June 16, 2015.
             The game lasted 00:59:34 (9556 turns).

bal the Nimble (Vine Stalker Monk)                  Turns: 9556, Time: 00:59:34

Health: 0/58       AC: 14    Str: 12    XL:     11   Next: 72%
Magic:  0/23       EV: 21    Int:  9    God:    Makhleb [*****.]
Gold:   686        SH:  0    Dex: 20    Spells: 1 memorised, 11 levels left

rFire  + . .     SeeInvis .     J - +1 trident (distort)
rCold  + + +     Clarity  .     z - +5 robe of Shielding {rC+ Int-3 Dex+2}
rNeg   . . .     SustAt   .     (no shield)
rPois  .         Gourm    .     c - +2 helmet
rElec  .         Spirit   +     (no cloak)
rCorr  .         Warding  .     d - +2 pair of gloves
rMut   .         Stasis   .     I - +0 pair of boots "Qeashrewk" {rC++ MP+9 Str-4 Int+2}
MR     +....                    (no amulet)
Stlth  +++++.....               (no ring)
                                u - ring of protection from fire

@: somewhat resistant to hostile enchantments, quite stealthy
A: fangs 3, regeneration 2, magic shield, antimagic bite, no device heal 3, rot
immunity
a: Minor Destruction, Lesser Servant of Makhleb, Major Destruction, Greater
Servant of Makhleb, Renounce Religion


You were on level 11 of the Dungeon.
You worshipped Makhleb.
Makhleb was extremely pleased with you.
You were not hungry.

You visited 1 branch of the dungeon, and saw 11 of its levels.
You also visited: Bailey.

You collected 862 gold pieces.
You spent 176 gold pieces at shops.

Inventory:

Hand weapons
 b - a +2 falchion of freezing
 q - a +1 glaive of venom
 r - a +2 flail of draining
 D - a cursed +1 spear
 J - a +1 trident of distortion (weapon)
 W - a +2 scimitar of flaming
Missiles
 f - 13 silver sling bullets
 l - an exploding tomahawk (quivered)
Armour
 c - a +2 helmet (worn)
 d - a +2 pair of gloves (worn)
 t - a +1 ring mail of cold resistance
 z - the +5 robe of Shielding (worn) {rC+ Int-3 Dex+2}
   (You found it on level 5 of the Dungeon)

   It affects your intelligence (-3).
   It affects your dexterity (+2).
   It protects you from cold.
 A - the +1 robe of a ziggurat {*Corrode +Inv Regen+ Str-2}
   (You bought it in a shop on level 8 of the Dungeon)

   It affects your strength (-2).
   It lets you turn invisible.
   It increases your rate of regeneration.
   It may corrode your equipment when you take damage.
 I - the +0 pair of boots "Qeashrewk" (worn) {rC++ MP+9 Str-4 Int+2}
   (You found it in a bailey)

   It affects your strength (-4).
   It affects your intelligence (+2).
   It greatly protects you from cold.
   It affects your magic capacity (+9).
 Z - a troll hide
Jewellery
 a - an uncursed ring of sustain attributes
 u - a ring of protection from fire (left hand)
Magical devices
 m - a wand of slowing (9)
 n - a wand of polymorph (15)
 o - a wand of teleportation (0)
 y - a wand of magic darts (0)
 L - a wand of confusion (30)
 N - a wand of slowing (19)
 Q - a wand of polymorph (8)
 R - a wand of cold (9)
 V - a wand of teleportation (3)
 X - a wand of frost (8)
Scrolls
 g - 5 scrolls of teleportation
 i - 3 scrolls of magic mapping
 j - a scroll of enchant weapon {unknown}
 p - 2 scrolls of fear
 K - 2 scrolls of remove curse
 M - a scroll of fog
 S - a scroll of blinking
Potions
 e - 3 potions of might
 k - a potion of cancellation
 s - 4 potions of curing
 B - a potion of magic
 F - a potion of cure mutation
 G - 2 potions of lignification
 P - a potion of agility
 T - 2 potions of flight
Books
 U - a book of Flames

   Spells                             Type                      Level
   a - Flame Tongue                   Conjuration/Fire             1
   b - Throw Flame                    Conjuration/Fire             2
   c - Conjure Flame                  Conjuration/Fire             3
   d - Inner Flame                    Hexes/Fire                   3
   e - Sticky Flame                   Conjuration/Fire             4
   f - Fireball                       Conjuration/Fire             5
Comestibles
 h - 10 royal jellies
 E - a meat ration
 O - 4 bread rations


   Skills:
 + Level 7.0 Fighting
 + Level 1.5 Long Blades
 + Level 3.1 Maces & Flails
 + Level 4.9 Polearms
 + Level 0.1 Throwing
 + Level 10.1 Dodging
 + Level 10.1 Stealth
 + Level 6.0 Unarmed Combat
 + Level 1.0 Spellcasting
 + Level 1.0 Conjurations
 + Level 0.2 Fire Magic
 + Level 3.6 Invocations
 + Level 1.5 Evocations


You had 11 spell levels left.
You knew the following spells:

 Your Spells              Type           Power        Failure   Level  Hunger
a - Flame Tongue          Conj/Fire      #....        34%         1    ##.....


Dungeon Overview and Level Annotations

Branches:
Dungeon (11/15)            Temple (0/1) D:7            Lair (0/8) D:10
    Orc (0/4) D:9

Altars:
Ashenzari
Gozag
Makhleb
Ru
Vehumet
Xom
Zin
The Shining One

Shops:
D:4 :   D:7 }   D:8 [?(*


Innate Abilities, Weirdness & Mutations

You have razor-sharp teeth.
You heal very quickly.
When hurt, damage is shared between your health and your magic reserves.
Your bite disrupts and absorbs the magic of your enemies.
Potions and wands cannot restore your health.
You are immune to rotting.


Message History

The kobold shouts!
You hit the kobold but do no damage.
Space bends around the kobold.
You kill the kobold!
Makhleb accepts your kill.
You feel a little better. The eye of draining gazes at you.
You feel your power leaking away.
The skeletal warrior hits you from afar with a halberd!
You puncture the kobold!
You kill the kobold!
Makhleb accepts your kill.
The skeletal warrior throws a stone.
The stone hits you!
You see here a stone.
The skeletal warrior throws a stone.
The stone hits you!
You see here a stone.
The skeletal warrior throws a stone.
The stone hits you!
* * * LOW HITPOINT WARNING * * *
You see here a stone.
The skeletal warrior throws a stone.
The stone hits you!
You die...

#y# #..#
#.#y#
##.#
#y#z# #.#
#.#)# #)#
#####'#.#
#)[
......)(#
##.
##.....(#
#.
#.....(#
#.
######@#
#####.
#(#
#...'.
#.#
#(###.
#.# #.#
## #.#
#.# #.#
#.# #.#
#.# #.#
#.# #.#
#.#


You could see a skeletal warrior and 2 killer bees.

Vanquished Creatures
  An orc knight (Bailey)
  A cyclops (D:10)
  An ugly thing (D:11)
  3 trolls
  Sigmund (D:3)
  A spriggan (D:7)
  A hungry ghost (D:4)
  A deep elf mage (D:9)
  3 wargs (D:10)
  Edmund (D:4)
  4 orc warriors
  4 sky beasts
  2 black bears (D:10)
  A phantom (D:9)
  7 ogres
  3 centaurs
  3 big kobolds
  4 giant frogs
  3 scorpions
  34 killer bees
  A water moccasin skeleton (D:7)
  7 wights
  A crimson imp (D:10)
  4 hounds
  A centaur zombie (D:11)
  A quasit (D:10)
  2 jellies
  The ghost of Rayvis the Sneak, a weakling FeEn (D:3)
  6 orc wizards
  4 centaur skeletons
  A giant frog skeleton (D:6)
  4 worker ants
  An iguana (D:10)
  Natasha (thrice) (D:3 D:5)
  9 orc priests
  4 sheep
  2 hound skeletons
  A hound zombie (D:9)
  A worker ant zombie (D:7)
  4 gnolls (D:7)
  13 adders
  A shadow imp (D:10)
  An ooze (D:2)
  3 worms
  6 giant geckos
  34 orcs
  3 giant cockroaches
  18 hobgoblins
  9 jackals
  7 quokkas
  A ball python (D:2)
  13 bats
  A giant cockroach zombie (D:6)
  6 giant newts
  19 goblins
  32 kobolds
  11 rats
315 creatures vanquished.

Vanquished Creatures (collateral kills)
  Erica (D:9)
  Nergalle (D:11)
  3 skeletal warriors (D:11)
  An orc knight (Bailey)
  The ghost of bal the Ducker, an experienced VSMo of Nemelex Xobeh (D:6)
  A queen bee (D:9)
  3 orc warriors (Bailey)
  A black bear (D:11)
  A necrophage (D:6)
  4 killer bees
  A worker ant (D:6)
  A rat (D:6)
19 creatures vanquished.

Vanquished Creatures (others)
  A hungry ghost (D:8)
  An orc warrior (Bailey)
  A sky beast (D:10)
  2 killer bees
  A wight (D:7)
  A crimson imp (D:9)
  A centaur zombie (D:9)
  A giant frog skeleton (D:7)
  A hound (D:10)
  An orc (Bailey)
11 creatures vanquished.

Grand Total: 345 creatures vanquished

Notes
Turn   | Place    | Note
--------------------------------------------------------------
     0 | D:1      | bal the Vine Stalker Monk began the quest for the Orb.
     0 | D:1      | Reached XP level 1. HP: 11/11 MP: 2/2
    61 | D:1      | Reached XP level 2. HP: 11/16 MP: 1/3
   272 | D:1      | Reached XP level 3. HP: 20/20 MP: 4/4
   668 | D:2      | Reached XP level 4. HP: 18/24 MP: 5/5
   796 | D:2      | Found a faded altar to an unknown god.
  1215 | D:3      | Noticed Natasha
  1225 | D:3      | Killed Natasha
  1252 | D:3      | Reached XP level 5. HP: 28/28 MP: 6/6
  1340 | D:3      | Noticed Rayvis's ghost (weakling FeEn)
  1380 | D:3      | Killed Rayvis's ghost
  1412 | D:3      | Noticed Natasha
  1422 | D:3      | Killed Natasha
  1758 | D:3      | Noticed Sigmund
  1767 | D:3      | Killed Sigmund
  1767 | D:3      | Reached skill level 5 in Unarmed Combat
  1767 | D:3      | Gained mutation: You heal very quickly. [Vine Stalker growth]
  1767 | D:3      | Reached XP level 6. HP: 18/32 MP: 7/7
  1865 | D:4      | Noticed Edmund
  1922 | D:4      | Killed Edmund
  1922 | D:4      | Reached XP level 7. HP: 24/37 MP: 8/8
  1973 | D:4      | Found a burning altar of Makhleb.
  2027 | D:4      | Became a worshipper of Makhleb the Destroyer
  2027 | D:4      | Acquired Makhleb's first power
  2027 | D:4      | Acquired Makhleb's second power
  2088 | D:4      | Reached skill level 5 in Dodging
  2098 | D:4      | Reached skill level 5 in Stealth
  2118 | D:4      | Noticed a hungry ghost
  2132 | D:4      | Killed a hungry ghost
  2132 | D:4      | Reached skill level 6 in Unarmed Combat
  2132 | D:4      | Gained mutation: You have razor-sharp teeth. [Vine Stalker growth]
  2132 | D:4      | Reached XP level 8. HP: 42/42 MP: 7/9
  2198 | D:4      | Found Lutsouhe's Book Shop.
  2336 | D:4      | Reached skill level 1 in Maces & Flails
  2554 | D:5      | Entered Level 5 of the Dungeon
  2649 | D:5      | Noticed Natasha
  2657 | D:5      | Killed Natasha
  2860 | D:5      | Acquired Makhleb's third power
  2868 | D:5      | Found a sacrificial altar of Ru.
  3083 | D:5      | Got a dull robe
  3369 | D:5      | Found an opulent altar of Gozag.
  3370 | D:5      | Found a glowing silver altar of Zin.
  3813 | D:6      | Reached XP level 9. HP: 46/46 MP: 10/10
  3851 | D:6      | HP: 2/46 [orc priest (2)]
  3956 | D:6      | Found a radiant altar of Vehumet.
  3970 | D:6      | Noticed bal's ghost (experienced VSMo)
  3991 | D:6      | Found a glowing golden altar of the Shining One.
  4064 | D:6      | Reached skill level 7 in Stealth
  4120 | D:6      | Acquired Makhleb's fourth power
  4256 | D:6      | Reached skill level 5 in Fighting
  4441 | D:6      | Killed bal's ghost
  4441 | D:6      | Reached skill level 1 in Long Blades
  4448 | D:6      | Found a shimmering altar of Xom.
  4503 | D:6      | Found a shattered altar of Ashenzari.
  4884 | D:7      | Found a flagged portal.
  4899 | Bailey   | Entered a bailey
  5104 | Bailey   | Noticed an orc knight
  5104 | Bailey   | Noticed an orc knight
  5105 | Bailey   | Noticed an orc knight
  5382 | Bailey   | Killed an orc knight
  5382 | Bailey   | Reached skill level 1 in Evocations
  5401 | Bailey   | Reached skill level 1 in Invocations
  5434 | Bailey   | Got a pair of ancient boots
  5619 | Bailey   | Noticed an orange demon
  5633 | Bailey   | Killed an orc knight
  5633 | Bailey   | Reached skill level 8 in Dodging
  5743 | Bailey   | Identified the cursed +0 pair of boots "Qeashrewk" {rC++ MP+9 Str-4 Int+2} (You found it in a bailey)
  5753 | Bailey   | Identified the +5 robe of Shielding {rC+ Int-3 Dex+2} (You found it on level 5 of the Dungeon)
  5801 | D:7      | Reached skill level 1 in Polearms
  5801 | D:7      | Reached XP level 10. HP: 51/51 MP: 12/12
  5827 | D:7      | Found a staircase to the Ecumenical Temple.
  6220 | D:7      | Found Cuappel's Gadget Emporium.
  6613 | D:8      | Found Umoklul's Assorted Antiques.
  6624 | D:8      | Found Tarusa Fepyo's Magic Scroll Shop.
  6689 | D:8      | Found Voitae's Assorted Antiques.
  6692 | D:8      | Found Boomub's Weapon Shoppe.
  6777 | D:8      | Found Qagh's Antique Armour Boutique.
  6782 | D:8      | Bought a tattered robe for 176 gold pieces
  6782 | D:8      | Identified the +1 robe of a ziggurat {*Corrode +Inv Regen+ Str-2} (You bought it in a shop on level 8 of the Dungeon)
  7345 | D:9      | Learned a level 1 spell: Flame Tongue
  7543 | D:9      | Noticed Erica
  7890 | D:9      | Found a staircase to the Orcish Mines.
  7920 | D:9      | Killed Erica
  7920 | D:9      | Reached skill level 9 in Dodging
  8097 | D:9      | Reached XP level 11. HP: 50/57 MP: 14/14
  8324 | D:9      | Upgraded the game from 0.17-a0-1382-gc46a074 to 0.17-a0-1393-gcb420ff
  8341 | D:10     | Entered Level 10 of the Dungeon
  8379 | D:10     | Found a staircase to the Lair.
  8741 | D:10     | Acquired Makhleb's fifth power
  8922 | D:10     | Found a shimmering altar of Xom.
  9315 | D:10     | Reached skill level 1 in Conjurations
  9333 | D:11     | Noticed a skeletal warrior
  9334 | D:11     | Noticed a skeletal warrior
  9336 | D:11     | Noticed Nergalle
  9340 | D:11     | Noticed a skeletal warrior
  9341 | D:11     | Noticed a skeletal warrior
  9341 | D:11     | Noticed a skeletal warrior
  9343 | D:11     | Killed a skeletal warrior
  9346 | D:11     | Killed a skeletal warrior
  9346 | D:11     | Killed Nergalle
  9346 | D:11     | Reached skill level 10 in Dodging
  9346 | D:11     | Reached skill level 10 in Stealth
  9348 | D:11     | Killed a skeletal warrior
  9503 | D:11     | Reached skill level 1 in Spellcasting
  9556 | D:11     | Hit by a stone thrown by a skeletal warrior

Vault maps used:
D:1:      dpeg_arrival_rooms_c
D:2:      ecumenical_altar_2, first_bread
D:3:      uniq_natasha, uniq_sigmund
D:4:      serial_shops, nicolae_shop_stone, bloody_makhleb, uniq_edmund
D:5:      nicolae_ru_great_annihilating_truth,
          grunt_temple_overflow_gold_and_silver
D:6:      nicolae_overflow_quartered_altars
D:7:      temple_pool_b, enter_bailey_3, nicolae_ossuary_entry_ruins,
          serial_shops, shop, the_bakery
D:8:      serial_shops, shop_coins, shop, shop, shop, nicolae_shop_stone,
          serial_bayou_pond_e, eino_small_chamber_without_monster
D:9:      orc_0_dummy, special_room, uniq_erica
D:10:     erik_lair_orcish_takeover, basic_altar
D:11:     nicolae_trove_entry_crossroad,
          nicolae_dithmenos_through_a_glass_darkly, uniq_nergalle
Bailey:   bailey_polearm_1, bailey

Action                   |  1- 3 |  4- 6 |  7- 9 | 10-12 || total
-------------------------+-------+-------+-------+-------++-------
Melee: Unarmed           |   100 |   154 |     2 |       ||   256
       Flail             |       |       |   166 |       ||   166
       Falchion          |       |       |    61 |       ||    61
       Trident           |       |       |    46 |   515 ||   561
Throw: Tomahawk          |       |       |       |     2 ||     2
 Cast: Flame Tongue      |       |       |       |     5 ||     5
Invok: Lesser Servant of |       |       |     9 |     8 ||    17
       Greater Servant o |       |       |       |     1 ||     1
Evoke: Wand              |       |     1 |    11 |     7 ||    19
  Use: Potion            |       |     7 |     7 |     5 ||    19
       Scroll            |       |     4 |     9 |     8 ||    21
 Stab: Sleeping          |     2 |     5 |    17 |    15 ||    39
       Distracted        |       |     1 |     1 |     1 ||     3
       Confused          |       |       |       |     1 ||     1
  Eat: Bread ration      |       |     1 |     1 |     1 ||     3
       Chunk             |       |       |     4 |     3 ||     7
       Fruit             |       |       |     5 |       ||     5
       Royal jelly       |       |       |     1 |     3 ||     4
       Pizza             |       |       |       |     1 ||     1
